Match 31542168
Unlisted

Match 31542168
End
Panzergrenadier Squad
Panzergrenadier Squad
Construct Light Support Kompanie
MG34 Team
2.5-tonne Medical Truck
Selects Italian Infantry
Panzerjäger Squad
Fire Support Elements
Selects Guastatori Squad
Guastatori Squad
Panzerjäger Squad
Guastatori Squad
Selects Defensive Operations
Construct Panzerarmee Kommand
Flak 36 Anti-tank Gun Team
Selects Registered Artillery
Selects Towed Cannone da 105/28 Field Howitzer
Selects Prepared Positions
Walking Stuka Rocket Launcher
Flak 36 Anti-tank Gun Team
Nukepapa
byza
Der Albaner
skyhawkfranky
le12ro-Olivier
Cadian Guardsman
めいよ
Pirex
0
0

Comments sign in to comment!

No comments posted yet!